 Dungeon Crawl Stone Soup version 0.30.0-17-ge0270778cf (webtiles) character file.

Game seed: 14009937885269760045

150 McKennaii the Conjurer (level 4, 0/33 HPs)
             Began as a Demigod Conjurer on May 21, 2023.
             Slain by a steam dragon (2 damage)
             ... on level 4 of the Dungeon.
             The game lasted 00:02:39 (3153 turns).

McKennaii the Conjurer (Demigod Conjurer)           Turns: 3153, Time: 00:02:40

Health: 0/33       AC:  4    Str:  8    XL:     4   Next: 84%
Magic:  3/12       EV: 12    Int: 24    God:
Gold:   193        SH:  0    Dex: 12    Spells: 2/9 levels left

rFire   . . .        t - staff of conjuration
rCold   . . .        (no shield)
rNeg    . . .        a - +0 robe
rPois   .            (no helmet)
rElec   .            s - +0 cloak
rCorr   .            (no gloves)
SInv    .            q - +0 pair of boots
Will    .....        (no amulet)
Stlth   ++           (no ring)
HPRegen 0.25/turn    (no ring)
MPRegen 0.13/turn

%: no passive effects
@: no status effects
A: high MP 1, forlorn, divine attributes
a: no special abilities


You were on level 4 of the Dungeon.
You visited 1 branch of the dungeon, and saw 4 of its levels.

You collected 193 gold pieces.

Inventory:

Missiles
 r - 2 throwing nets
Armour
 a - a +0 robe (worn)
 q - a +0 pair of boots (worn)
 s - a +0 cloak (worn)
Magical Staves
 t - a staff of conjuration (weapon)
Scrolls
 c - a scroll of teleportation {unknown}
 e - 2 scrolls of identify {unknown}
 f - 2 scrolls of blinking {unknown}
 g - a scroll of magic mapping {unknown}
 h - a scroll of fear {unknown}
 j - 2 scrolls of noise {unknown}
 l - 3 scrolls of immolation
 o - 3 scrolls of amnesia {unknown}
Potions
 b - 3 potions of magic
 d - a potion of ambrosia {unknown}
 i - 2 potions of berserk rage {unknown}
 k - 2 potions of resistance {unknown}
 m - a potion of lignification {unknown}
 n - 3 potions of curing {unknown}
 p - a potion of haste {unknown}
 u - a potion of heal wounds {unknown}


   Skills:
 - Level 1.7 Dodging
 - Level 1.7 Stealth
 + Level 3.4 Spellcasting
 + Level 4.8 Conjurations


You had 2 spell levels left.
You knew the following spells:

 Your Spells              Type           Power      Damage    Failure   Level
a - Magic Dart            Conj           100%       1d8       1%          1
b - Searing Ray           Conj           82%        2d7       2%          2
c - Iskenderun's Mystic   Conj/Tloc      23%        2d6       36%         4

Your spell library contained the following spells:

 Spells                   Type           Power      Damage    Failure   Level
 Sublimation of Blood     Necr           4%         N/A       16%         2
 Dazzling Flash           Conj/Hex       46%        N/A       12%         3
 Fulminant Prism          Conj/Hex       11%        3d9       36%         4
 Iskenderun's Battlesphe  Conj           41%        2d9       36%         5
 Petrify                  Tmut/Erth      4%         N/A       71%         4
 Irradiate                Conj/Tmut      11%        3d15      71%         5
 Iron Shot                Conj/Erth      11%        9d3       99%         6
 Spellforged Servitor     Conj/Summ      11%        N/A       100%        7


Dungeon Overview and Level Annotations

Branches:
Dungeon (4/15)
 Temple: D:4-7

Shops:
D:1 ?


Innate Abilities, Weirdness & Mutations

You have an increased reservoir of magic. (+10% MP)
You shall have no god before yourself.
Your divine heritage dramatically boosts your attributes as you level up.


Message History

The magic dart hits the steam dragon but does no damage.
A steam dragon is nearby!
You feel a surge of power!
The magic dart hits the steam dragon but does no damage.
A steam dragon is nearby!
You feel a surge of power!
The magic dart hits the steam dragon.
The steam dragon is moderately wounded.
Casting: Magic Dart (safe; 1% risk of failure)
Confirm with . or Enter, or press ? or * to list all spells.
Aiming: Searing Ray (safe; 2% risk of failure)
Press: ? - help, Shift-Dir - straight line, f/p - steam dragon
Aim: a steam dragon (moderately wounded, 82% to hit)
You feel a surge of power!
The searing ray hits the steam dragon.
The steam dragon is moderately wounded. (Press . to maintain the ray.) Unknown command.
The searing ray hits the steam dragon.
The steam dragon is severely wounded.
The steam dragon breathes steam at you. The ball of steam hits you!
You are engulfed in a cloud of scalding steam.
The searing ray hits the steam dragon.
The steam dragon is almost dead.
You finish channelling your searing ray.
You are engulfed in a cloud of scalding steam.
Unknown command.
Casting: Searing Ray (safe; 2% risk of failure)
Confirm with . or Enter, or press ? or * to list all spells.
Aiming: Searing Ray (safe; 2% risk of failure)
Press: ? - help, Shift-Dir - straight line, f/p - steam dragon
Aim: a steam dragon (almost dead, catching its breath, 82% to hit)
You feel a surge of power!
The searing ray misses the steam dragon. (Press . to maintain the ray.)
You are engulfed in a cloud of scalding steam.
* * * LOW HITPOINT WARNING * * *
The steam dragon bites you.
* * * LOW HITPOINT WARNING * * *
The steam dragon claws you.
You die...

#...........##.#
##.######.####.#
##...## #.# #.#
######.....# #.#
#.###
#..........# #.#
#....
######...<.# #.#
##### ##...## #)#
###############.#
.....§D@§§......#
.################


You could see a steam dragon (catching breath).

Vanquished Creatures
  The ghost of FelidPro the Gusty, a weakling FeAE (D:3)
  An iguana (D:3)
  2 adders (D:4)
  A worm (D:3)
  8 orcs
  7 endoplasms
  2 giant cockroaches
  6 goblins
  8 hobgoblins
  3 quokkas
  4 ball pythons
  4 bats
  6 frilled lizards (D:3)
  5 kobolds
  7 rats
65 creatures vanquished.

Notes
Turn   | Place    | Note
-------+----------+-------------------------------------------
     0 | D:1      | McKennaii the Demigod Conjurer began the quest for the Orb.
     0 | D:1      | Reached XP level 1. HP: 14/14 MP: 5/5
   177 | D:1      | Found Bustib's Magic Scroll Shop.
   483 | D:1      | Reached XP level 2. HP: 20/20 MP: 4/7
   640 | D:1      | Learned a level 2 spell: Searing Ray
   923 | D:2      | Reached skill level 4 in Conjurations
  1640 | D:3      | Reached XP level 3. HP: 26/26 MP: 6/9
  2323 | D:3      | Found a runed translucent door.
  2325 | D:3      | Noticed FelidPro's ghost (weakling FeAE)
  2478 | D:3      | Reached XP level 4. HP: 23/33 MP: 5/11
  2481 | D:3      | Killed FelidPro's ghost
  2827 | D:4      | Learned a level 4 spell: Iskenderun's Mystic Blast
  3145 | D:4      | Noticed a steam dragon
  3153 | D:4      | Slain by a steam dragon

Illustrated notes

Levels and vault maps discovered:
D:1:      psy_arrival_heroes, layout_basic, serial_shops, shop
D:2:      layout_rooms, ebering_ecumenical_altar_webs, basic_altar
D:3:      layout_rooms, ebering_ghost_inner_flame, minmay_lizard_king
D:4:      minmay_evil_eye, layout_loops_ring, grunt_qazlal_sundering,
          lemuel_tele_altar, bh_walls_and_bars

Skill      XL: |  1  2  3 |
---------------+----------+-----
Spellcasting   | 2 3 |  3.4
Conjurations   | 4 |  4.8
Dodging        | |  1.7
Stealth        | |  1.7

Action                     |  1- 3 |  4- 6 || total
---------------------------+-------+-------++-------
  Melee: Unarmed           |    11 |       ||    11
         Staff             |       |     5 ||     5
   Cast: Magic Dart        |    96 |    26 ||   122
         Searing Ray       |     2 |     5 ||     7
 Armour: Robe              |     2 |     3 ||     5
  Dodge: Dodged            |    20 |    14 ||    34
